 Dungeon Crawl Stone Soup version 0.28.0-53-g5a82cb258f (webtiles) character file.

Game seed: 3574460252183144576

489 MiltankisOP the Ruffian (level 6, -1/65 HPs)
             Began as a Troll Monk on June 14, 2022.
             Slain by a gnoll sergeant
             ... wielding a +0 trident
              (13 damage)
             ... on level 5 of the Dungeon.
             The game lasted 00:03:51 (2636 turns).

MiltankisOP the Ruffian (Troll Monk)                Turns: 2636, Time: 00:03:52

Health: -1/65      AC:  4    Str: 22    XL:     6   Next: 90%
Magic:  5/5        EV: 10    Int:  6    God:
Gold:   250        SH:  0    Dex: 12    Spells: 5/5 levels left

rFire   . . .      SeeInvis .     - Unarmed
rCold   . . .      Faith    .   (no shield)
rNeg    . . .      Spirit   .   a - +0 robe
rPois   .          Reflect  .   (helmet restricted)
rElec   .          Harm     .   (no cloak)
rCorr   .          Rampage  .   (gloves unavailable)
Will    .....                   (boots unavailable)
Stlth   ++........              (no amulet)
HPRegen 1.00/turn               (no ring)
MPRegen 0.09/turn               (no ring)

@: no status effects
A: large, unfitting armour, claws 3, regeneration 1, shaggy fur 1, tough skin 1
a: no special abilities


You were on level 5 of the Dungeon.
You visited 1 branch of the dungeon, and saw 5 of its levels.

You collected 250 gold pieces.

Inventory:

Armour
 a - a +0 robe (worn)
Jewellery
 k - a ring of poison resistance
Wands
 m - a wand of acid (8)
Scrolls
 c - 2 scrolls of teleportation {unknown}
 d - a scroll of brand weapon {unknown}
 f - 5 scrolls of identify {unknown}
 g - 2 scrolls of vulnerability {unknown}
 h - 2 scrolls of amnesia {unknown}
 i - 2 scrolls of noise {unknown}
 j - a scroll of blinking {unknown}
 o - a scroll of fear {unknown}
 p - 4 scrolls of immolation {unknown}
 r - a scroll of enchant weapon {unknown}
Potions
 b - 3 potions of mutation {unknown}
 e - a potion of invisibility {unknown}
 l - 2 potions of heal wounds {unknown}
 n - a potion of haste {unknown}
 q - a potion of berserk rage {unknown}
 s - a potion of attraction {unknown}


   Skills:
 + Level 4.9 Fighting
 - Level 2.4 Dodging
 - Level 1.0 Stealth
 + Level 5.9 Unarmed Combat


You had 5 spell levels left.
You didn't know any spells.
Your spell library contained the following spells:

 Spells                   Type           Power      Damage    Failure   Level
 Malign Gateway           Summ/Tloc      0%         N/A       100%        7
 Summon Horrible Things   Summ           0%         N/A       100%        8


Dungeon Overview and Level Annotations

Branches:
Dungeon (5/15)
 Temple: D:4-7

Altars:


Innate Abilities, Weirdness & Mutations

You are too large for most types of armour.
You have claws for hands.
Your natural rate of healing is unusually fast.
You are covered in fur. (AC +1)
You have tough skin. (AC +1)


Message History

You are too injured to fight recklessly!
You are too injured to fight recklessly!
You are too injured to fight recklessly!
You are too injured to fight recklessly!
You are too injured to fight recklessly!
You are too injured to fight recklessly!
You are too injured to fight recklessly!
You closely miss the orc. The orc hits you with a +0 club.
You barely miss the orc. The orc barely misses you.
You claw the orc!
You kill the orc!
Things that are here:
a +0 club; a +0 leather armour; an orc corpse You scratch the gnoll sergeant but do no damage.
The gnoll sergeant hits you with a +0 trident.
You scratch the gnoll sergeant but do no damage.
The gnoll sergeant hits you with a +0 trident.
You scratch the gnoll sergeant.
The gnoll sergeant is lightly wounded.
You scratch the gnoll sergeant but do no damage.
The gnoll sergeant is lightly wounded.
The gnoll sergeant barely misses you.
You claw the gnoll sergeant!
The gnoll sergeant is almost dead.
The gnoll sergeant hits you with a +0 trident!
* * * LOW HITPOINT WARNING * * *
The orc priest looks satisfied for a moment.
You scratch the gnoll sergeant.
The gnoll sergeant is almost dead.
The gnoll sergeant barely misses you.
The orc priest mumbles some strange prayers to Beogh against you.
Beogh smites you!
* * * LOW HITPOINT WARNING * * *
You scratch the gnoll sergeant but do no damage.
The gnoll sergeant is almost dead.
The gnoll sergeant closely misses you.
You barely miss the gnoll sergeant.
The gnoll sergeant is almost dead.
The gnoll sergeant hits you with a +0 trident!
You die...

###############
#>.............
#.#####.###### #.#
#.......###### #.#
#.......'..... #@#
#(......######
#g###.....### #
#og.......########
#h###.....##......
#g................
#.........##.#####
#.#.#....###.#####
####.#.#....###.....#
#....................


You could see a black bear, a gnoll sergeant, an orc priest and 2 gnolls.

Vanquished Creatures
  A phantom (D:5)
  A bullfrog zombie (D:5)
  2 orc priests (D:5)
  A hound (D:4)
  A jelly (D:2)
  An iguana (D:4)
  4 gnolls
  8 adders
  6 worms
  2 dart slugs
  8 orcs
  2 ball pythons (D:1)
  5 bats
  11 endoplasms
  2 giant cockroaches
  10 goblins
  10 hobgoblins
  4 jackals (D:2)
  10 kobolds
  2 quokkas
  6 frilled lizards
  6 rats
103 creatures vanquished.

Notes
Turn   | Place    | Note
-------+----------+-------------------------------------------
     0 | D:1      | MiltankisOP the Troll Monk began the quest for the Orb.
     0 | D:1      | Reached XP level 1. HP: 22/22 MP: 0/0
    35 | D:1      | Reached XP level 2. HP: 19/29 MP: 1/1
   149 | D:1      | Reached XP level 3. HP: 36/36 MP: 2/2
   673 | D:2      | Found a faded altar of an unknown god.
   683 | D:2      | Reached skill level 4 in Unarmed Combat
   777 | D:2      | Reached XP level 4. HP: 42/45 MP: 3/3
  1331 | D:3      | Reached XP level 5. HP: 50/54 MP: 4/4
  2236 | D:4      | Reached skill level 5 in Unarmed Combat
  2242 | D:4      | Reached XP level 6. HP: 60/63 MP: 5/5
  2420 | D:5      | Entered Level 5 of the Dungeon
  2636 | D:5      | Slain by a gnoll sergeant

Illustrated notes

Levels and vault maps discovered:
D:1:      dpeg_arrival_stonehenge_8_columns, layout_basic
D:2:      layout_loops_ring, ebering_ecumenical_altar_sacrificial
D:3:      layout_basic
D:4:      layout_cave_pools, minmay_misc_feat_tiny, nicolae_wormholes
D:5:      layout_basic, chequers_temple_overflow_statue_of_worship

Skill      XL: |  1  2  3  4  5 |
---------------+----------------+-----
Fighting       | 3 4 |  4.9
Unarmed Combat | 4 5 |  5.9
Dodging        | |  2.4
Stealth        | |  1.0

Action                   |  1- 3 |  4- 6 || total
-------------------------+-------+-------++-------
Melee: Unarmed           |    84 |   159 ||   243
       Punch             |     2 |     3 ||     5
 Stab: Sleeping          |     3 |     3 ||     6
Armor: Robe              |    20 |    39 ||    59
Dodge: Dodged            |    38 |    60 ||    98
